 Dungeon Crawl Stone Soup version 0.20.0-15-g7f486f2 (webtiles) character file.

27920 Omegatherion the Fighter (level 13, -1/88 HPs)
             Began as a Gargoyle Monk on June 28, 2017.
             Was the Champion of the Shining One.
             Shot with an arrow by a centaur warrior (6 damage)
             ... on level 14 of the Dungeon.
             The game lasted 00:43:40 (12544 turns).

Omegatherion the Fighter (Gargoyle Monk)           Turns: 12544, Time: 00:43:40

Health: -1/88      AC: 28    Str: 25    XL:     13   Next: 35%
Magic:  16/16      EV:  8    Int: 13    God:    the Shining One [******]
Gold:   153        SH: 11    Dex: 12    Spells: 12/12 levels left

rFire    + . .     SeeInvis +   T - +8 flail "Juusseq" {crush, Str+2}
rCold    . . .     Gourm    .   X - +0 shield
rNeg     + + +     Faith    .   x - +3 chain mail
rPois    ∞         Spirit   .   e - +1 helmet {SInv}
rElec    +         Reflect  .   G - +0 cloak
rCorr    .         Harm     .   (no gloves)
MR       .....                  (no boots)
Stlth    ..........             L - amulet of rage
Regen    0.3/turn               E - +5 ring of strength
MPRegen  0.2/turn               D - ring of protection from fire

@: hasted, glowing, very quick
A: negative energy resistance 1, electricity resistance, unbreathing,
petrification resistance, rot immunity, AC +9
a: Divine Shield, Cleansing Flame, Summon Divine Warrior, Brand Weapon With Holy
Wrath, Renounce Religion, Evoke Berserk Rage


You were on level 14 of the Dungeon.
You worshipped the Shining One.
The Shining One was exalted by your worship.
You were very hungry.

You visited 1 branch of the dungeon, and saw 14 of its levels.

You collected 942 gold pieces.
You spent 789 gold pieces at shops.

Inventory:

Hand Weapons
 a - a +0 mace
 k - a +0 mace of protection
 R - a +2 mace of draining
 S - a +0 whip of electrocution
 T - the +8 flail "Juusseq" (weapon) {crush, Str+2}
   (You bought it in a shop on level 12 of the Dungeon)

   It inflicts extra damage upon your enemies.
   It affects your strength (+2).
Missiles
 P - 10 tomahawks (quivered)
Armour
 e - a +1 helmet of see invisible (worn)
 q - a +0 troll leather armour
 x - a +3 chain mail (worn)
 G - a +0 cloak (worn)
 X - a +0 shield (worn)
Magical Staves
 C - an uncursed staff of air
Jewellery
 D - a ring of protection from fire (right hand)
 E - a +5 ring of strength (left hand)
 J - an uncursed ring of ice
 L - an amulet of rage (around neck)
Wands
 d - a wand of iceblast (6/15)
 o - a wand of random effects (30/48)
 H - a wand of disintegration (17/24)
 Q - a wand of acid (6/15)
 U - a wand of paralysis (7/24)
 W - a wand of acid (2/15)
 Y - a wand of paralysis (14/24)
Scrolls
 i - 5 scrolls of amnesia
 m - 7 scrolls of teleportation
 s - 5 scrolls of fog
 t - 6 scrolls of random uselessness {unknown}
 u - 2 scrolls of noise
 y - 7 scrolls of remove curse
 A - 4 scrolls of enchant weapon
 B - 3 scrolls of magic mapping {unknown}
 F - 2 scrolls of recharging {unknown}
 I - 3 scrolls of identify
 O - 2 scrolls of torment {unknown}
Potions
 f - a potion of agility
 g - 5 potions of curing
 l - 2 potions of berserk rage
 n - 3 potions of might
 p - a potion of flight
 z - a potion of magic
 K - 2 potions of brilliance
 M - a potion of degeneration
 N - a potion of lignification
Books
 h - a book of Cantrips

   Spells                             Type                      Level
   a - Confusing Touch                Hexes                        1
   b - Animate Skeleton               Necromancy                   1
   c - Summon Small Mammal            Summoning                    1
   d - Apportation                    Translocation                1
 v - a book of Flames

   Spells                             Type                      Level
   a - Flame Tongue                   Conjuration/Fire             1
   b - Throw Flame                    Conjuration/Fire             2
   c - Conjure Flame                  Conjuration/Fire             3
   d - Inner Flame                    Hexes/Fire                   3
   e - Sticky Flame                   Conjuration/Fire             4
   f - Fireball                       Conjuration/Fire             5
Miscellaneous
 V - a phial of floods
Comestibles
 c - 6 bread rations
 j - 7 royal jellies
 r - 5 meat rations
 w - 10 fruits


   Skills:
 - Level 13.2 Fighting
 - Level 12.1 Maces & Flails
 - Level 12.3 Armour
 - Level 2.4 Dodging
 - Level 2.1 Stealth
 + Level 8.3 Shields
 - Level 5.0 Invocations


You had 12 spell levels left.
You didn't know any spells.

Dungeon Overview and Level Annotations

Branches:
Dungeon (14/15)            Temple (0/1) D:6            Lair (0/6) D:8
    Orc (0/2) D:9          Vaults (0/5) D:13

Altars:
Ashenzari
Elyvilon
Makhleb
Nemelex Xobeh
Okawaru
Qazlal
Yredelemnul
Zin
The Shining One
Beogh

Shops:
D:12 (

Annotations:
D:6 KleinerIrrer's ghost, novice NaGl
D:14 Rupert


Innate Abilities, Weirdness & Mutations

You are resistant to torment.
Your stone body is resilient. (AC +9)
You are immune to poison.
You resist negative energy. (rN+)
You are resistant to electric shocks. (rElec)
You can survive without breathing.
You are immune to petrification.
You are immune to rotting.


Message History

You block Rupert's attack.
You hit Rupert.
Rupert is moderately wounded.
The orc priest invokes the aid of Beogh against you.
Beogh smites you!
You hit Rupert but do no damage.
Rupert is moderately wounded.
Rupert hits you with a great sword of slicing!!
* * * LOW HITPOINT WARNING * * *
x2 Rupert hits you with a great sword of slicing.
* * * LOW HITPOINT WARNING * * *
x2 You feel yourself speed up.
Rupert hits you with a great sword of slicing!
The Shining One protects you from harm!
* * * LOW HITPOINT WARNING * * *
You see here a war axe.
Rupert rages.
Rupert is no longer berserk.
The centaur warrior shoots an arrow.
The arrow hits you.
You die...

#.#...#..........
#.'.⌠†)..........
#.#...#..........
#.#####.#########
#.......#
###.###.# #..##.#
##.##.# #@##.#
#..#.# ##.#.#
#.#.# #...# ##..#
#@.# ##c#
#.###########


You could see Rupert and a centaur warrior.

Vanquished Creatures
  A rakshasa (D:13)
  5 vault guards (D:13)
  3 centaur warriors
  4 two-headed ogres
  A large abomination (D:9)
  6 unseen horrors
  A wizard (D:9)
  3 ugly things
  A cyclops (D:13)
  A manticore (D:9)
  Joseph (D:10)
  A gargoyle (D:11)
  5 kobold demonologists
  A troll (D:13)
  5 slime creatures (D:13)
  A hippogriff (D:13)
  2 wyverns
  11 yaks
  5 small abominations (D:9)
  4 hogs (D:7)
  A human (D:7)
  A basilisk (shapeshifter) (D:13)
  A vampire mosquito (D:9)
  A steam dragon (D:12)
  A hungry ghost (D:5)
  2 water moccasins (D:12)
  A soldier ant (D:13)
  9 ice beasts
  2 sky beasts
  4 orc warriors
  A black bear (D:9)
  4 phantoms
  4 ogres
  9 centaurs
  7 big kobolds
  10 bullfrogs
  A wyvern zombie (D:11)
  2 scorpions
  4 killer bees (D:13)
  A howler monkey (D:5)
  7 crimson imps
  A wyvern simulacrum (D:14)
  6 hounds
  4 orc priests
  A bullfrog skeleton (D:4)
  5 jellies
  10 orc wizards
  2 centaur skeletons
  5 iguanas
  7 worker ants
  2 hound zombies (D:5)
  A hound skeleton (D:10)
  2 worker ant zombies
  5 gnolls
  18 adders
  2 shadow imps
  2 oozes
  An adder zombie (D:6)
  2 adder skeletons
  3 dart slugs
  2 leopard geckos
  28 orcs
  3 bats
  4 giant cockroaches
  5 goblins
  5 hobgoblins
  10 jackals
  2 quokkas
  4 ball pythons
  5 frilled lizards
  17 kobolds
  A quokka skeleton (D:8)
  2 rats
302 creatures vanquished.

Notes
Turn   | Place    | Note
-------+----------+-------------------------------------------
     0 | D:1      | Omegatherion the Gargoyle Monk began the quest for the Orb.
     0 | D:1      | Reached XP level 1. HP: 14/14 MP: 1/1
   116 | D:1      | Reached XP level 2. HP: 15/19 MP: 2/2
   275 | D:1      | Reached skill level 4 in Fighting
   275 | D:1      | Reached XP level 3. HP: 3/24 MP: 3/3
   945 | D:2      | Reached XP level 4. HP: 26/30 MP: 4/4
  1037 | D:2      | Found a burning altar of Makhleb.
  1212 | D:3      | Reached skill level 5 in Fighting
  1212 | D:3      | Reached XP level 5. HP: 35/35 MP: 5/5
  1438 | D:3      | Found a burning altar of Makhleb.
  1798 | D:3      | Found a faded altar of an unknown god.
  1907 | D:4      | Found a sparkling altar of Nemelex Xobeh.
  1934 | D:4      | Found a basalt altar of Yredelemnul.
  1982 | D:4      | Noticed an ogre
  1989 | D:4      | Killed an ogre
  1989 | D:4      | Reached skill level 1 in Armour
  1989 | D:4      | Reached XP level 6. HP: 21/40 MP: 6/6
  2033 | D:4      | Found a glowing golden altar of the Shining One.
  2036 | D:4      | Became a worshipper of the Shining One
  2036 | D:4      | Reached * piety under the Shining One
  2036 | D:4      | Reached ** piety under the Shining One
  2151 | D:4      | Reached skill level 5 in Maces & Flails
  2338 | D:4      | Reached skill level 6 in Fighting
  2554 | D:5      | Entered Level 5 of the Dungeon
  2623 | D:5      | Reached XP level 7. HP: 40/46 MP: 7/7
  2940 | D:5      | Noticed a hungry ghost
  2969 | D:5      | Killed a hungry ghost
  3023 | D:5      | Reached XP level 8. HP: 47/52 MP: 8/8
  3079 | D:5      | Found a glowing silver altar of Zin.
  3234 | D:6      | Found a staircase to the Ecumenical Temple.
  3244 | D:6      | Noticed KleinerIrrer's ghost (novice NaGl)
  3246 | D:6      | Reached skill level 7 in Fighting
  3460 | D:7      | Reached skill level 5 in Armour
  3503 | D:7      | Reached *** piety under the Shining One
  3615 | D:7      | Found a stormy altar of Qazlal.
  4304 | D:8      | Reached skill level 8 in Fighting
  4320 | D:8      | Found a staircase to the Lair.
  4751 | D:8      | Reached XP level 9. HP: 59/59 MP: 9/9
  5204 | D:7      | Reached skill level 9 in Fighting
  5875 | D:6      | Found an iron altar of Okawaru.
  6299 | D:8      | You fall through a shaft for 2 floors!
  6299 | D:10     | Entered Level 10 of the Dungeon
  6369 | D:8      | Reached XP level 10. HP: 64/67 MP: 10/10
  6515 | D:9      | Found a staircase to the Orcish Mines.
  6547 | D:9      | Found a roughly hewn altar of Beogh.
  6604 | D:9      | Found a shattered altar of Ashenzari.
  6870 | D:9      | Reached **** piety under the Shining One
  6882 | D:9      | Reached skill level 10 in Fighting
  6933 | D:9      | Noticed a manticore
  6960 | D:9      | Killed a manticore
  6977 | D:9      | Found a white marble altar of Elyvilon.
  7397 | D:9      | Noticed a wizard
  7407 | D:9      | Killed a wizard
  7412 | D:9      | Noticed a large abomination
  7412 | D:9      | Noticed a large abomination
  7412 | D:9      | Noticed a large abomination
  7412 | D:9      | Noticed a large abomination
  7668 | D:10     | Noticed Joseph
  7692 | D:10     | Killed Joseph
  7799 | D:9      | Killed a large abomination
  7850 | D:10     | Reached skill level 11 in Fighting
  7880 | D:10     | Noticed a two-headed ogre
  7899 | D:10     | Killed a two-headed ogre
  7899 | D:10     | Reached skill level 10 in Maces & Flails
  7899 | D:10     | Reached skill level 10 in Armour
  7899 | D:10     | Reached XP level 11. HP: 42/74 MP: 11/11
  8147 | D:10     | Reached ***** piety under the Shining One
  8330 | D:10     | Noticed an unseen horror
  8384 | D:10     | Killed an unseen horror
  9003 | D:11     | Noticed an unseen horror
  9024 | D:11     | Noticed a cyan ugly thing
  9032 | D:11     | Killed an unseen horror
  9045 | D:11     | Killed a cyan ugly thing
  9636 | D:12     | Noticed a two-headed ogre
  9644 | D:12     | Killed a two-headed ogre
  9644 | D:12     | Reached skill level 12 in Fighting
  9680 | D:12     | Noticed a sun demon
  9853 | D:12     | Found Wyquch's Weapon Shoppe.
  9853 | D:12     | Noticed an unseen horror
  9861 | D:12     | Killed an unseen horror
  9861 | D:12     | Reached XP level 12. HP: 81/82 MP: 12/12
 10109 | D:12     | Reached skill level 1 in Invocations
 10464 | D:12     | Bought the +8 flail "Juusseq" {crush, Str+2} for 789 gold pieces
 10577 | D:13     | Noticed a rakshasa
 10596 | D:13     | Killed a rakshasa
 11079 | D:13     | Noticed a vault guard
 11081 | D:13     | Noticed a sun demon
 11087 | D:13     | Noticed a vault guard
 11090 | D:13     | HP: 3/82 [sun demon[a kobold demonologist] (6)]
 11500 | D:13     | Noticed a vault guard
 11590 | D:13     | Reached skill level 13 in Fighting
 11891 | D:13     | Found a gate to the Vaults.
 11996 | D:13     | Killed a vault guard
 12016 | D:13     | Noticed a vault guard
 12019 | D:13     | Noticed a vault guard
 12032 | D:13     | Killed a vault guard
 12041 | D:13     | Killed a vault guard
 12041 | D:13     | Reached skill level 5 in Invocations
 12065 | D:13     | Noticed a vault guard
 12079 | D:13     | Killed a vault guard
 12141 | D:13     | Noticed a centaur warrior
 12150 | D:13     | Killed a centaur warrior
 12150 | D:13     | Reached XP level 13. HP: 62/88 MP: 16/16
 12177 | D:13     | Noticed a vault guard
 12190 | D:13     | Killed a vault guard
 12190 | D:13     | Reached skill level 5 in Shields
 12501 | D:14     | Noticed Rupert
 12504 | D:14     | Reached ****** piety under the Shining One
 12510 | D:14     | Paralysed by Rupert for 4 turns
 12521 | D:14     | The Shining One protects you from harm!
 12521 | D:14     | HP: 1/88 [Rupert/great sword of slicing (5)]
 12544 | D:14     | Shot with an arrow by a centaur warrior

Skill      XL: |  1  2  3  4  5  6  7  8  9 10 11 12 13 |
---------------+----------------------------------------+-----
Fighting       | 4 5 6 8 9 11 12 13 | 13.2
Maces & Flails | 4 5 6 7 8 10 11 12 | 12.1
Armour         | 1 3 4 6 8 10 11 12 | 12.3
Invocations    | 5 |  5.0
Shields        | 3 8 |  8.3
Dodging        | |  2.4
Stealth        | |  2.1

Action                   |  1- 3 |  4- 6 |  7- 9 | 10-12 | 13-15 || total
-------------------------+-------+-------+-------+-------+-------++-------
Melee: Mace              |   106 |   143 |   518 |   505 |       ||  1272
       Staff             |       |       |    80 |       |       ||    80
       Whip              |       |       |       |   197 |       ||   197
       Flail             |       |       |       |   144 |   100 ||   244
Evoke: Wand              |       |       |     2 |     2 |       ||     4
  Use: Potion            |       |       |     3 |     5 |     1 ||     9
       Scroll            |       |       |    15 |     4 |       ||    19
 Stab: Sleeping          |     4 |     1 |       |       |       ||     5
  Eat: Chunk             |       |     6 |     7 |    14 |       ||    27
       Bread ration      |       |       |     1 |       |       ||     1
       Royal jelly       |       |       |     1 |       |       ||     1
       Meat ration       |       |       |     1 |     1 |       ||     2
Armor: Robe              |    15 |       |       |       |       ||    15
       Ring mail         |    35 |    77 |   219 |       |       ||   331
       Chain mail        |       |       |   112 |   518 |    38 ||   668
Dodge: Dodged            |    74 |   112 |   298 |   308 |    20 ||   812
Block: Shield            |       |       |       |     8 |    43 ||    51
